 Dungeon Crawl Stone Soup version 0.26-a0-690-gcb57259 (webtiles) character file.

Game seed: 15495695071659193958

15681 Mopster the Cleaver (level 12, -2/112 HPs)
             Began as a Minotaur Berserker on Oct 23, 2020.
             Was a High Priest of Trog.
             Slain by a caustic shrike skeleton (4 damage)
             ... on level 15 of the Dungeon.
             The game lasted 00:41:17 (11166 turns).

Mopster the Cleaver (Minotaur Berserker)           Turns: 11166, Time: 00:41:17

Health: -2/112     AC: 19    Str: 24    XL:     12   Next: 3%
Magic:  11/11      EV: 10    Int:  4    God:    Trog [*****.]
Gold:   135        SH:  0    Dex: 13    Spells: 11/11 levels left

rFire    . . .     SeeInvis +   a - +2 war axe (drain)
rCold    . . .     Faith    +   (no shield)
rNeg     . . .     Spirit   .   k - +0 plate armour
rPois    .         Reflect  .   (helmet restricted)
rElec    .         Harm     .   (no cloak)
rCorr    .         Rampage  .   M - +0 pair of gloves
MR       +++..                  t - +0 pair of boots
Stlth    ..........             r - amulet of faith
HPRegen  1.28/turn              C - ring of protection from magic
MPRegen  0.12/turn              A - ring of see invisible

@: lethally poisoned (-2 -> -29), flayed, regenerating
A: retaliatory headbutt, horns 2
a: Berserk, Trog's Hand, Brothers in Arms, Renounce Religion


You were on level 15 of the Dungeon.
You worshipped Trog.
Trog was extremely pleased with you.
You visited 1 branch of the dungeon, and saw 15 of its levels.
You also visited: Sewer.

You collected 673 gold pieces.
You spent 538 gold pieces at shops.

Inventory:

Hand Weapons
 a - a +2 war axe of draining (weapon)
 f - a +0 hand axe of venom
 F - a +2 war axe
 O - a +0 vorpal dire flail
 S - a +1 double sword of flaming
Armour
 k - a +0 plate armour (worn)
 t - a +0 pair of boots (worn)
 I - a +2 chain mail of poison resistance
 M - a +0 pair of gloves (worn)
 N - the +3 leather armour of Demons {rPois}
   (You found it on level 10 of the Dungeon)

   It protects you from poison.
Jewellery
 e - an uncursed ring of flight
 h - a cursed amulet of inaccuracy {unknown}
 l - a +4 ring of slaying
 r - an amulet of faith (around neck)
 y - an uncursed ring of ice
 A - a ring of see invisible (right hand)
 C - a ring of protection from magic (left hand)
 H - an uncursed ring of protection from cold
 Q - an uncursed ring of magical power {unknown}
Wands
 x - a wand of polymorph (20)
 E - a wand of paralysis (11)
 G - a wand of enslavement (6)
 P - a wand of digging (5)
Scrolls
 d - 4 scrolls of fog
 g - 10 scrolls of teleportation
 j - 3 scrolls of immolation
 o - 5 scrolls of magic mapping
 s - 3 scrolls of enchant weapon
 w - 6 scrolls of remove curse
 z - 5 scrolls of enchant armour
 D - a scroll of silence
 L - 7 scrolls of identify
 R - 2 scrolls of amnesia {unknown}
Potions
 b - 2 potions of berserk rage {unknown}
 c - 2 potions of invisibility {unknown}
 i - 10 potions of curing {unknown}
 m - 6 potions of haste
 n - a potion of might {unknown}
 p - a potion of brilliance {unknown}
 q - 2 potions of heal wounds {unknown}
 u - 3 potions of mutation {unknown}
 v - a potion of ambrosia {unknown}
 B - 4 potions of cancellation
 J - 2 potions of stabbing {unknown}
 K - a potion of magic {unknown}


   Skills:
 * Level 11.9 Fighting
 * Level 14.4 Axes
 * Level 12.8 Armour
 * Level 6.1 Dodging


You had 11 spell levels left.
You didn't know any spells.
Your spell library was empty.

Dungeon Overview and Level Annotations

Branches:
Dungeon (15/15)            Temple (0/1) D:6            Lair (0/6) D:8
    Orc (0/2) D:12         Depths (0/5) D:15          Sewer (visited)
 Vaults: D:13-14

Altars:
Cheibriados
Elyvilon
Fedhas
Gozag
Hepliaklqana
Kikubaaqudgha
Trog
Vehumet
Wu Jian
The Shining One

Shops:
D:6 (   D:9 [   D:10 :   D:12 [

Portals:
Trove: D:10 (give +7 demon trident)

Annotations:
D:15 Nessos


Innate Abilities, Weirdness & Mutations

You reflexively headbutt those who attack you in melee.
You have a pair of horns on your head.


Message History

You are more poisoned.
Your troll bites Nessos.
Your troll claws Nessos!
Your troll claws Nessos.
The caustic shrike skeleton claws you!
* * * LOW HITPOINT WARNING * * *
The fire dragon zombie bites you but does no damage.
The fire dragon zombie barely misses you.
The fire dragon zombie tramples you but does no damage.
The necromancer hits you with a +0 dagger.
* * * LOW HITPOINT WARNING * * *
You feel very sick.
Nessos shoots an arrow.
The arrow barely misses your troll. The arrow hits you!
* * * LOW HITPOINT WARNING * * *
The arrow burns you.
You are more poisoned.
* * * LOW HITPOINT WARNING * * *
Your troll bites Nessos.
Your troll claws Nessos!
Your troll claws Nessos!!
The skeletal warrior hits you from afar with a +0 trident!
* * * LOW HITPOINT WARNING * * *
The caustic shrike skeleton claws you.
You die...

##.... ##. ....8
#..# ##....
..... .....
.....###...##
..........!<# .
...(88....c§##.#
..P..§§Z@T§.....
.8.P§8§ZP§§.....
.8..P§W§pz§..8..
..8.8P§§8P§.....
.8....§.§§z.P...
.......>PuZ.....
#.Z..P..........
#P.PP.P.PP......
#....8.u........


You could see Nessos (fast), a skeletal warrior, a flayed ghost, a necromancer,
a fire dragon zombie, a caustic shrike skeleton and a friendly troll (summoned,
berserk).

Vanquished Creatures
  2 boulder beetles (D:12)
  2 centaur warriors
  3 two-headed ogres
  Pikel (D:7)
  An ugly thing (D:12)
  Joseph (D:7)
  2 centaur skeletons
  A gargoyle (D:12)
  Psyche (D:8)
  Maggie (D:7)
  A komodo dragon (D:12)
  3 trolls (D:12)
  2 hornets
  Prince Ribbit (D:8)
  The ghost of Grijm the Grave Robber, an amateur VSNe (D:4)
  A wyvern (D:8)
  A wraith (D:14)
  2 soldier ants
  A water moccasin (D:12)
  Duvessa (D:6)
  3 ice beasts
  6 orc warriors
  2 black bears
  A phantom (D:10)
  A sky beast (D:7)
  4 ogres
  6 centaurs
  2 lemures (D:7)
  16 bullfrogs
  A gnoll sergeant (D:9)
  Dowan (D:6)
  A wyvern zombie (D:6)
  A wyvern skeleton (D:12)
  2 scorpions
  14 wights
  A quasit (D:12)
  2 centaur zombies
  2 bullfrog zombies (D:12)
  A jelly (D:9)
  4 hounds
  3 orc priests
  18 orc wizards
  3 bullfrog skeletons
  2 iguanas
  Natasha (thrice) (D:3)
  7 worker ants
  A killer bee zombie (D:9)
  Robin (D:3)
  A howler monkey zombie (D:5)
  A worker ant zombie (D:6)
  3 gnolls (D:9)
  19 adders
  8 river rats
  A shadow imp (D:5)
  4 white imps
  2 ufetubi (D:9)
  An ooze (D:2)
  3 adder zombies (D:9)
  5 worms
  2 dart slugs (D:1)
  4 leopard geckos
  34 orcs
  6 giant cockroaches
  15 goblins
  8 hobgoblins
  15 jackals
  5 quokkas
  9 ball pythons (Sewer)
  5 bats
  12 frilled lizards
  7 kobolds
  A leopard gecko skeleton (D:8)
  A quokka skeleton (D:5)
  33 rats
343 creatures vanquished.

Notes
Turn   | Place    | Note
-------+----------+-------------------------------------------
     0 | D:1      | Mopster the Minotaur Berserker began the quest for the Orb.
     0 | D:1      | Reached XP level 1. HP: 19/19 MP: 0/0
   177 | D:1      | Reached XP level 2. HP: 27/27 MP: 1/1
   182 | D:1      | Reached skill level 4 in Axes
  1066 | D:2      | Reached XP level 3. HP: 33/33 MP: 2/2
  1509 | D:3      | Noticed Robin
  1518 | D:3      | Reached ** piety under Trog
  1523 | D:3      | Killed Robin
  1523 | D:3      | Reached XP level 4. HP: 37/41 MP: 3/3
  1583 | D:3      | Noticed Natasha
  1595 | D:3      | Killed Natasha
  1595 | D:3      | Reached skill level 5 in Axes
  1836 | D:3      | Noticed Natasha
  1847 | D:3      | Killed Natasha
  1847 | D:3      | Reached XP level 5. HP: 47/47 MP: 4/4
  1886 | D:3      | Noticed Natasha
  1891 | D:3      | Killed Natasha
  1895 | D:3      | Reached skill level 5 in Fighting
  1940 | D:3      | Reached *** piety under Trog
  2231 | D:4      | Reached skill level 6 in Axes
  2269 | D:4      | Found a glowing drain.
  2279 | Sewer    | Entered a sewer
  2355 | Sewer    | Reached XP level 6. HP: 48/56 MP: 5/5
  2628 | Sewer    | Reached **** piety under Trog
  2848 | Sewer    | Reached skill level 7 in Axes
  3051 | D:4      | Reached XP level 7. HP: 44/63 MP: 6/6
  3655 | D:4      | Reached skill level 5 in Armour
  3831 | D:4      | Found a runed translucent gate.
  3832 | D:4      | Found a runed translucent gate.
  3832 | D:4      | Noticed Grijm's ghost (amateur VSNe)
  3833 | D:4      | Found a runed translucent gate.
  3846 | D:4      | Killed Grijm's ghost
  3935 | D:5      | Entered Level 5 of the Dungeon
  4859 | D:6      | Found Ifuhidgh's Antique Weapon Boutique.
  4864 | D:6      | Reached XP level 8. HP: 73/73 MP: 7/7
  4875 | D:6      | Bought a runed hand axe for 198 gold pieces
  5005 | D:6      | Noticed Duvessa
  5005 | D:6      | Noticed Dowan
  5016 | D:6      | Killed Duvessa
  5018 | D:6      | Killed Dowan
  5543 | D:6      | Found a blossoming altar of Fedhas.
  5546 | D:6      | Found a white marble altar of Elyvilon.
  5552 | D:6      | Found an ornate altar of the Wu Jian Council.
  5553 | D:6      | Found a glowing golden altar of the Shining One.
  5553 | D:6      | Found a snail-covered altar of Cheibriados.
  5553 | D:6      | Found an ancient bone altar of Kikubaaqudgha.
  5554 | D:6      | Found an opulent altar of Gozag.
  5555 | D:6      | Found a bloodstained altar of Trog.
  5627 | D:6      | Found a hazy altar of Hepliaklqana.
  5702 | D:6      | Found a staircase to the Ecumenical Temple.
  5832 | D:7      | Noticed Joseph
  5858 | D:7      | Killed Joseph
  5858 | D:7      | Reached XP level 9. HP: 82/82 MP: 8/8
  5978 | D:7      | Noticed Pikel
  5995 | D:7      | Killed Pikel
  5995 | D:7      | Reached skill level 8 in Axes
  5995 | D:7      | Reached skill level 10 in Armour
  6170 | D:7      | Reached ***** piety under Trog
  6217 | D:7      | Noticed Maggie
  6226 | D:7      | Killed Maggie
  6226 | D:7      | Reached skill level 9 in Axes
  6706 | D:8      | Noticed Prince Ribbit
  6951 | D:8      | Noticed Psyche
  6964 | D:8      | Killed Psyche
  6964 | D:8      | Reached skill level 10 in Axes
  6964 | D:8      | Reached XP level 10. HP: 91/91 MP: 9/9
  7298 | D:8      | Found a staircase to the Lair.
  7406 | D:8      | Found a radiant altar of Vehumet.
  7428 | D:8      | Reached skill level 11 in Axes
  7436 | D:8      | Killed Prince Ribbit
  7844 | D:9      | Reached skill level 10 in Fighting
  8078 | D:9      | Found Kyfah's Antique Armour Shoppe.
  8449 | D:9      | Received a gift from Trog
  8522 | D:10     | Entered Level 10 of the Dungeon
  8556 | D:10     | Reached ****** piety under Trog
  8633 | D:10     | Found a portal to a secret trove of treasure.
  8901 | D:10     | Got a masterwork leather armour
  8912 | D:10     | Identified the +3 leather armour of Demons {rPois} (You
                  | found it on level 10 of the Dungeon)
  9046 | D:10     | Found Aledghiwu's Book Shop.
  9184 | D:10     | Noticed a two-headed ogre
  9187 | D:10     | Killed a two-headed ogre
  9187 | D:10     | Reached skill level 12 in Axes
  9422 | D:11     | Noticed a two-headed ogre
  9422 | D:11     | You fall into a shaft and drop 3 floors!
  9423 | D:14     | Noticed a centaur warrior
  9429 | D:14     | Killed a centaur warrior
  9429 | D:14     | Reached XP level 11. HP: 101/101 MP: 10/10
  9525 | D:13     | Reached skill level 5 in Dodging
  9537 | D:13     | Noticed a centaur warrior
  9554 | D:13     | Killed a centaur warrior
  9640 | D:13     | Reached skill level 13 in Axes
 10004 | D:12     | Noticed a purple ugly thing
 10020 | D:12     | Killed a purple ugly thing
 10124 | D:12     | Noticed a two-headed ogre
 10134 | D:12     | Killed a two-headed ogre
 10318 | D:12     | Found a staircase to the Orcish Mines.
 10438 | D:12     | Noticed a boulder beetle
 10465 | D:12     | Killed a boulder beetle
 10465 | D:12     | Reached skill level 14 in Axes
 10693 | D:12     | Received a gift from Trog
 10702 | D:12     | Found Saur's Armour Shop.
 10742 | D:12     | Bought a cursed +0 plate armour for 340 gold pieces
 10801 | D:12     | Noticed a two-headed ogre
 10807 | D:12     | Killed a two-headed ogre
 10937 | D:12     | Noticed a boulder beetle
 10956 | D:12     | Killed a boulder beetle
 10956 | D:12     | Reached XP level 12. HP: 112/112 MP: 11/11
 11161 | D:13     | You fall into a shaft and drop 2 floors!
 11161 | D:15     | Entered Level 15 of the Dungeon
 11161 | D:15     | Found a staircase to the Depths.
 11161 | D:15     | Noticed Nessos
 11166 | D:15     | HP: 2/112 [skeletal warrior/+0 trident (9)]
 11166 | D:15     | Slain by a caustic shrike skeleton

Illustrated notes

Levels and vault maps discovered:
D:1:      dpeg_arrival_renting, layout_basic
D:2:      layout_basic
D:3:      layout_rooms, serial_park_tiny_2, grunt_ministairs_13, uniq_robin,
          uniq_natasha
D:4:      layout_loops_ring, lightli_sewer_entry_pipes,
          ebering_ghost_rock_garden
D:5:      layout_gridville
D:6:      layout_basic, minitemple, temple_hall, serial_shops, shop,
          kennysheep_generic_room_14, uniq_duvessa
D:7:      layout_cave_pods, minmay_misc_feat_secret_circle, grunt_decor_clamped,
          uniq_pikel, uniq_maggie, uniq_joseph
D:8:      minmay_flawed_box, layout_loops_cross, lemuel_doored_altar,
          lair_entry_dummy, uniq_psyche, uniq_prince_ribbit1
D:9:      minmay_s_stair_smasher, layout_basic, serial_shops, shop_fountains,
          minmay_holes
D:10:     layout_roguey, serial_shops, shop, serial_glass, glass_columns_c,
          glass_columns_a, trove_entry_hex_spiral, skrybe_limestone_x
D:11:     layout_loops_ring, serial_shops, shop, kennysheep_dice
D:12:     layout_long_grid, orc_0_dummy, serial_shops, shop
D:13:     layout_irregular_city, grunt_vaults_entry_tiered
D:14:     layout_loops_corners, serial_shops, kennysheep_mini_moat,
          hangedman_abyss_or_decor_jellyfish_corner, kennysheep_small_square,
          uniq_jorgrun
D:15:     gammafunk_depths_entry_grave, layout_rooms, wad_woods_river_04,
          st_stairs_1, uniq_nessos

Skill      XL: |  1  2  3  4  5  6  7  8  9 10 11 |
---------------+----------------------------------+-----
Fighting       | 4 5 6 7 8 9 10 11 | 11.9
Axes           | 4 5 6 7 10 12 14 | 14.4
Armour         | 3 4 6 9 10 11 12 | 12.8
Dodging        | 3 4 6 |  6.1

Action                   |  1- 3 |  4- 6 |  7- 9 | 10-12 || total
-------------------------+-------+-------+-------+-------++-------
Melee: Hand axe          |    64 |    17 |    88 |       ||   169
       Headbutt          |    10 |    21 |    50 |    84 ||   165
       Mace              |       |   181 |    68 |       ||   249
       War axe           |       |       |    57 |   348 ||   405
Invok: Berserk           |     1 |     3 |     9 |    12 ||    25
       Trog's Hand       |       |       |     1 |     1 ||     2
       Brothers in Arms  |       |       |       |     1 ||     1
  Use: Scroll            |     5 |     1 |     5 |     5 ||    16
Armor: Animal skin       |     5 |       |       |       ||     5
       Plate armour      |    12 |   182 |   136 |   195 ||   525
Dodge: Dodged            |    37 |   107 |    97 |   134 ||   375

Table legend: (Time is in decaauts)
 A = Elapsed time spent in this place.
 B = Non-inter-level travel time spent in this place.
 C = Inter-level travel time spent in this place.
 D = Time resting spent in this place.
 E = Time spent auto-exploring this place.
 F = Levels seen in this place.
 G = Mean time per level.
                   A        B        C        D        E       F      G
               +--------+--------+--------+--------+--------+-----+--------+
         Total |  11480 |  10319 |   1161 |    328 |   7926 |  16 |  717.5 |
       Dungeon |  10642 |   9481 |   1161 |     75 |   7575 |  15 |  709.5 |
         Sewer |    838 |    838 |      0 |    252 |    351 |   1 |  838.0 |
               +--------+--------+--------+--------+--------+-----+--------+

Top non-repeatable levels by time:
    D:12: 1285 daAuts
     D:8: 1055 daAuts
     D:1: 1021 daAuts
     D:4: 1008 daAuts
     D:7: 960 daAuts
     D:6: 923 daAuts
     D:5: 912 daAuts
    D:10: 851 daAuts
   Sewer: 838 daAuts
     D:9: 831 daAuts
     D:3: 780 daAuts
     D:2: 455 daAuts
    D:13: 412 daAuts
    D:14: 95 daAuts
    D:11: 43 daAuts
